 Dungeon Crawl Stone Soup version 0.28.0-43-g3370ac3207 (webtiles) character file.

Game seed: 5149849903230132585

14057 xzight the Cleaver (level 12, -2/77 HPs)
             Began as a Gargoyle Fighter on Mar 7, 2022.
             Was an Elder of Okawaru.
             Slain by Rupert
             ... wielding a +5 great mace of protection
              (41 damage)
             ... on level 12 of the Dungeon.
             The game lasted 00:29:47 (13538 turns).

xzight the Cleaver (Gargoyle Fighter)              Turns: 13538, Time: 00:29:48

Health: -2/77      AC: 30    Str: 30    XL:     12   Next: 12%
Magic:  15/15      EV: 11    Int:  8    God:    Okawaru [****..]
Gold:   483        SH:  6    Dex: 14    Spells: 11/11 levels left

rFire   . . .      SeeInvis .   a - +8 broad axe "Abiretwua" {elec, rC+ Dex+5}
rCold   + . .      Faith    +   c - +0 buckler
rNeg    + + .      Spirit   .   C - +0 plate armour
rPois   ∞          Reflect  .   f - +0 helmet
rElec   +          Harm     .   D - +0 cloak
rCorr   +          Rampage  .   (no gloves)
Will    .....                   (no boots)
Stlth   ..........              J - amulet "Befer" {Faith Contam rN+ rCorr Str+4}
HPRegen 0.22/turn               E - +4 ring of evasion
MPRegen 0.14/turn               T - +4 ring of protection

@: no status effects
A: sickness immunity, AC +8, negative energy resistance 1, electricity
resistance, torment resistance 1, petrification resistance
a: Renounce Religion, Heroism, Finesse


You were on level 12 of the Dungeon.
You worshipped Okawaru.
Okawaru was greatly pleased with you.
You visited 2 branches of the dungeon, and saw 13 of its levels.

You collected 483 gold pieces.


Innate Abilities, Weirdness & Mutations

You are immune to sickness and miasma.
Your stone body is resilient. (AC +8)
You are immune to poison.
You resist negative energy. (rN+)
You are resistant to electric shocks. (rElec)
You are resistant to unholy torment.
You are immune to petrification.


   Skills:
 + Level 10.1 Fighting
 * Level 11.4 Axes
 + Level 10.1 Armour
 - Level 9.0 Shields
 + Level 4.5 Invocations


You had 11 spell levels left.
You didn't know any spells.
Your spell library contained the following spells:

 Spells                   Type           Power      Damage    Failure   Level
 Magic Dart               Conj           0%         1d3       98%         1
 Corpse Rot               Necr/Air       0%         N/A       99%         2
 Searing Ray              Conj           0%         2d4       99%         2
 Anguish                  Hex/Necr       0%         N/A       100%        4
 Dispel Undead            Necr           0%         3d6       100%        4
 Fulminant Prism          Conj/Hex       0%         3d6       100%        4
 Hailstorm                Conj/Ice       0%         3d3       100%        4
 Ice Form                 Ice/Tmut       0%         N/A       100%        4
 Enfeeble                 Hex            0%         N/A       100%        7
 Orb of Destruction       Conj           0%         9d5       100%        7
 Summon Guardian Golem    Hex/Summ       Unusable   N/A       N/A         3
 Tukima's Dance           Hex            Unusable   N/A       N/A         3
 Death Channel            Necr           Unusable   N/A       N/A         6
 Simulacrum               Ice/Necr       Unusable   N/A       N/A         6
 Spellforged Servitor     Conj/Summ      Unusable   N/A       N/A         7

Inventory:

Hand Weapons
 a - the +8 broad axe "Abiretwua" (weapon) {elec, rC+ Dex+5}
   (Okawaru gifted it to you on level 11 of the Dungeon)

   It occasionally discharges a powerful burst of electricity upon striking a
   foe.
   Dex:       It affects your dexterity (+5).
   rC:        It protects you from cold.
 b - a +2 hand axe of flaming
 A - a +1 war axe of draining
Missiles
 y - 3 silver boomerangs (quivered)
Armour
 c - a +0 buckler (worn)
 f - a +0 helmet (worn)
 C - a +0 plate armour (worn)
 D - a +0 cloak (worn)
Jewellery
 e - a +4 ring of evasion
 E - a +4 ring of evasion (left hand)
 G - an amulet of the acrobat
 J - the amulet "Befer" (around neck) {Faith Contam rN+ rCorr Str+4}
   (You found it on level 11 of the Dungeon)

   [amulet of faith]

   It allows you to gain divine favour quickly.
   Str:       It affects your strength (+4).
   rN:        It protects you from negative energy.
   Contam:    It causes magical contamination when unequipped.
   rCorr:     It protects you from acid and corrosion.
 T - a +4 ring of protection (right hand)
 W - a ring of willpower
Wands
 l - a wand of paralysis (5)
 n - a wand of iceblast (2)
 o - a wand of polymorph (8)
 t - a wand of flame (25)
 z - a wand of digging (7)
 F - a wand of mindburst (15)
Scrolls
 g - a scroll of immolation {unknown}
 i - 2 scrolls of fog
 k - 6 scrolls of teleportation {@r2}
 m - a scroll of silence {unknown}
 p - 2 scrolls of magic mapping
 q - a scroll of blinking
 r - a scroll of enchant armour {unknown}
 v - 2 scrolls of torment
 H - 3 scrolls of noise {unknown}
 I - a scroll of identify {@r1}
Potions
 d - a potion of might
 h - a potion of flight {unknown}
 j - a potion of lignification
 s - a potion of invisibility {unknown}
 u - 3 potions of heal wounds {@q2}
 w - a potion of resistance {unknown}
 x - 3 potions of curing {@q1}
 B - a potion of cancellation {unknown}

Dungeon Overview and Level Annotations

Branches:
Dungeon (12/15)            Temple (1/1) D:6            Lair (0/6) D:10
    Orc (0/2) D:9

Altars:
Ashenzari
Cheibriados
Dithmenos
Elyvilon
Fedhas
Gozag
Hepliaklqana
Kikubaaqudgha
Makhleb
Nemelex Xobeh
Okawaru
Qazlal
Ru
Sif Muna
Trog
Uskayaw
Vehumet
Wu Jian
Xom
Yredelemnul
Zin
The Shining One
Beogh
Lugonu

Shops:
D:2 :   D:4 [   D:11 [

Portals:
Abyss: D:10

Annotations:
D:5 2 runed translucent doors, Woods's ghost, novice MiFi
D:12 Rupert

###########
#......$..####
#.....@.......
#.....@...#...
#.........#
#.......$.#
######<####
#.# #.# #.#
#.#


You could see Rupert (berserk).


Message History

Done exploring.
Done exploring.
Okay, then.
(D) Dungeon (T) Temple (L) Lair (O) Orcish Mines
Where to? (Enter - D:11, ? - help)
There is a stone staircase leading down here.
You climb downwards.
Rupert shouts!
Found 28 gold pieces.
There is a stone staircase leading up here.
Rupert is nearby!
You slash Rupert!
Rupert is lightly wounded.
You block Rupert's attack.
You slash Rupert!
Rupert is lightly wounded.
Rupert roars madly and goes into a rage!
Rupert goes berserk!
You slash Rupert! Lightning courses through Rupert!!
Rupert is moderately wounded.
Rupert completely misses you.
You hit Rupert but do no damage.
Rupert is moderately wounded.
Rupert hits you with a +5 great mace of protection!!!
Rupert hits you with a +5 great mace of protection.
* * * LOW HITPOINT WARNING * * *
You block Rupert's attack.
Rupert hits you with a +5 great mace of protection!!!
Ouch! That really hurt!
You die...

Skill      XL: |  1  2  3  4  5  6  7  8  9 10 11 |
---------------+----------------------------------+-----
Axes           | 2 3 4 5 6 8 9 11 | 11.4
Fighting       | 4 5 6 7 8 10 | 10.1
Armour         | 4 5 6 7 8 10 | 10.1
Shields        | 4 5 6 7 8 9 |  9.0
Invocations    | 4 |  4.5

Action                   |  1- 3 |  4- 6 |  7- 9 | 10-12 || total
-------------------------+-------+-------+-------+-------++-------
Melee: War axe           |   115 |   153 |   364 |   475 ||  1107
       Broad axe         |       |       |       |    17 ||    17
Throw: Boomerang         |       |       |     7 |       ||     7
Invok: Heroism           |       |       |       |     1 ||     1
       Finesse           |       |       |       |     1 ||     1
Evoke: Wand              |       |       |     7 |     3 ||    10
  Use: Scroll            |       |     4 |     3 |     5 ||    12
       Potion            |       |     1 |     5 |       ||     6
 Stab: Paralysed         |       |       |     6 |       ||     6
Armor: Scale mail        |    74 |    76 |    85 |       ||   235
       Skin              |       |       |    45 |       ||    45
       Chain mail        |       |       |   127 |    12 ||   139
       Plate armour      |       |       |       |   293 ||   293
Dodge: Dodged            |    61 |    84 |   287 |   248 ||   680
Block: Buckler           |    35 |    30 |    81 |   115 ||   261

Levels and vault maps discovered:
D:1:      amcnicky_arrival_flooded_fountain, layout_loops_corners,
          ebering_ecumenical_altar_petrified
D:2:      layout_loops_corners, serial_shops, shop
D:3:      layout_loops_ring, mainiacjoe_overflow_surrounded_room
D:4:      layout_cave_pods, mainiacjoe_overflow_six_doors_small, serial_shops,
          shop_fountains, kennysheep_another_room, roderic_serpentine_path
D:5:      layout_basic, ebering_ghost_disaster_area, uniq_pikel
D:6:      layout_rooms, temple_statues, corexii_leaking_fountain,
          uniq_blork_the_orc, uniq_prince_ribbit1, uniq_eustachio
D:7:      layout_basic, general_overflow_altar, nicolae_elyvilon_peaceful_grove
D:8:      minmay_klotski, layout_gridville, lemuel_tele_altar,
          mainiacjoe_overflow_brackets, lemuel_blue_sif_altar, serial_ice,
          serial_ice_b, serial_ice_h, serial_ice_k, serial_ice_d, special_room
          [special_room_orc]
D:9:      layout_cave_pools, nicolae_overflow_hidden_temple,
          nicolae_uskayaw_dance_studio, grunt_dithmenos_shadows,
          mainiacjoe_overflow_cross_hatched, minmay_orc_entry_temple_small
D:10:     layout_roguey, cheibrodos_worm_habitat, dpeg_lair_monsters,
          amcnicky_altar_lugonu_corruption
D:11:     minmay_mutant_horseshoe, layout_stronghold, serial_shops, shop,
          serial_undead, serial_undead_e, serial_undead_b, serial_undead_c,
          serial_undead_c, serial_undead_a, serial_undead_b
D:12:     layout_roguey, serial_shops, nicolae_shop_waterfront,
          kennysheep_treasure_room, uniq_rupert
Temple:   jpeg_temple_alley_garden

Notes
Turn   | Place    | Note
-------+----------+-------------------------------------------
     0 | D:1      | xzight the Gargoyle Fighter began the quest for the Orb.
     0 | D:1      | Reached XP level 1. HP: 14/14 MP: 1/1
    67 | D:1      | Found a faded altar of an unknown god.
    95 | D:1      | Reached skill level 2 in Axes
   228 | D:1      | Reached XP level 2. HP: 19/19 MP: 2/2
  1297 | D:2      | Reached XP level 3. HP: 23/23 MP: 3/3
  1402 | D:2      | Found Feromm's Book Shoppe.
  2028 | D:3      | Reached XP level 4. HP: 5/29 MP: 4/4
  2418 | D:3      | Reached skill level 3 in Axes
  2445 | D:3      | Reached skill level 4 in Fighting
  2445 | D:3      | Reached skill level 4 in Armour
  2445 | D:3      | Reached XP level 5. HP: 15/33 MP: 5/5
  2604 | D:3      | Found a blossoming altar of Fedhas.
  2663 | D:3      | Reached skill level 4 in Shields
  3097 | D:4      | Found a stormy altar of Qazlal.
  3191 | D:4      | Noticed an ogre
  3226 | D:4      | Killed an ogre
  3227 | D:4      | Reached XP level 6. HP: 22/39 MP: 6/6
  3556 | D:4      | Reached skill level 4 in Axes
  4094 | D:4      | Found Ynoriaps's Armour Boutique.
  4268 | D:5      | Entered Level 5 of the Dungeon
  4623 | D:5      | Reached XP level 7. HP: 36/44 MP: 7/7
  4679 | D:5      | Identified a +2 robe of resistance
  4679 | D:5      | Noticed Pikel
  4723 | D:5      | Noticed a shadow
  4738 | D:5      | Killed a shadow
  4739 | D:5      | Reached skill level 5 in Fighting
  4739 | D:5      | Reached skill level 5 in Armour
  4739 | D:5      | Reached skill level 5 in Shields
  4963 | D:5      | Found a large runed translucent door.
  4963 | D:5      | Found a large runed translucent door.
  4968 | D:5      | Noticed Woods's ghost (novice MiFi)
  5281 | D:5      | Reached skill level 5 in Axes
  5621 | D:5      | Killed Pikel
  5622 | D:5      | Reached XP level 8. HP: 31/51 MP: 8/8
  5862 | D:6      | Reached skill level 6 in Axes
  5882 | D:6      | Reached skill level 6 in Fighting
  5882 | D:6      | Reached skill level 6 in Armour
  5885 | D:6      | Noticed Eustachio
  5933 | D:6      | Killed Eustachio
  5934 | D:6      | Reached skill level 6 in Shields
  6061 | D:6      | Noticed Prince Ribbit
  6351 | D:6      | Killed Prince Ribbit
  6352 | D:6      | Reached XP level 9. HP: 17/56 MP: 9/9
  6584 | D:6      | Found a staircase to the Ecumenical Temple.
  6727 | Temple   | Entered the Ecumenical Temple
  7053 | D:6      | Noticed Blork the orc
  7066 | D:6      | Killed Blork the orc
  7403 | D:7      | Found a white marble altar of Elyvilon.
  7480 | D:7      | Found a burning altar of Makhleb.
  7555 | D:7      | Reached skill level 7 in Axes
  7910 | D:8      | Found a glowing silver altar of Zin.
  8040 | D:8      | Found a basalt altar of Yredelemnul.
  8281 | D:8      | Reached skill level 7 in Fighting
  8281 | D:8      | Reached skill level 7 in Armour
  8281 | D:8      | Reached skill level 7 in Shields
  8670 | D:8      | Found a shimmering blue altar of Sif Muna.
  8868 | D:8      | Reached skill level 8 in Axes
  8917 | D:8      | Reached XP level 10. HP: 33/63 MP: 10/10
  9484 | D:9      | Found a sacrificial altar of Ru.
  9565 | D:9      | Reached skill level 8 in Fighting
  9565 | D:9      | Reached skill level 8 in Armour
  9671 | D:9      | Reached skill level 8 in Shields
  9803 | D:9      | Reached skill level 9 in Axes
  9803 | D:9      | Found a staircase to the Orcish Mines.
  9929 | D:9      | Found an iron altar of Okawaru.
  9996 | D:9      | Became a worshipper of Warmaster Okawaru
 10219 | D:9      | Found a shadowy altar of Dithmenos.
 10260 | D:9      | Found a hide-covered altar of Uskayaw.
 10296 | D:10     | Entered Level 10 of the Dungeon
 10393 | D:10     | Noticed a death yak
 10406 | D:10     | Noticed a death yak
 10407 | D:10     | Killed a death yak
 10407 | D:10     | Reached * piety under Okawaru
 10411 | D:10     | Noticed a death yak
 10451 | D:10     | Killed a death yak
 10453 | D:10     | Killed a death yak
 10453 | D:10     | Reached ** piety under Okawaru
 10454 | D:10     | Reached XP level 11. HP: 28/69 MP: 11/11
 10664 | D:10     | Found a staircase to the Lair.
 10743 | D:10     | Reached skill level 9 in Fighting
 10743 | D:10     | Reached skill level 10 in Axes
 10743 | D:10     | Reached skill level 9 in Armour
 10816 | D:10     | Found a corrupted altar of Lugonu.
 10818 | D:10     | Found a one-way gate to the infinite horrors of the Abyss.
 10929 | D:10     | Reached skill level 9 in Shields
 10929 | D:10     | Reached skill level 1 in Invocations
 11486 | D:10     | Found a snail-covered altar of Cheibriados.
 11565 | D:10     | Reached *** piety under Okawaru
 11566 | D:10     | Reached skill level 2 in Invocations
 11690 | D:11     | Found Culem's Armour Shop.
 12075 | D:11     | Reached skill level 3 in Invocations
 12082 | D:11     | Reached **** piety under Okawaru
 12563 | D:11     | Noticed a sphinx
 12563 | D:11     | Noticed a yaktaur captain
 12572 | D:11     | Noticed a deep elf pyromancer
 12584 | D:11     | Killed a yaktaur captain
 12585 | D:11     | Reached skill level 11 in Axes
 12594 | D:11     | Killed a deep elf pyromancer
 12600 | D:11     | Killed a sphinx
 12600 | D:11     | Reached ***** piety under Okawaru
 12600 | D:11     | Identified the +8 broad axe "Abiretwua" {elec, rC+ Dex+5}
                  | (Okawaru gifted it to you on level 11 of the Dungeon)
 12600 | D:11     | Received a gift from Okawaru
 12601 | D:11     | Reached skill level 10 in Fighting
 12601 | D:11     | Reached skill level 10 in Armour
 12601 | D:11     | Reached skill level 4 in Invocations
 12601 | D:11     | Reached XP level 12. HP: 28/77 MP: 8/15
 13166 | D:11     | Identified the amulet "Befer" {Faith Contam rN+ rCorr
                  | Str+4}
 13530 | D:12     | Noticed Rupert
 13538 | D:12     | Slain by Rupert

Vanquished Creatures
  A sphinx (D:11)
  A yaktaur captain (D:11)
  3 death yaks (D:10)
  Pikel (D:5)
  A deep elf pyromancer (D:11)
  2 trolls
  Prince Ribbit (D:6)
  A meliai zombie (D:11)
  3 shadows
  16 yaks
  4 wraiths
  A basilisk (D:11)
  Eustachio (D:6)
  A wyvern (D:10)
  2 steam dragons
  A water moccasin (D:8)
  4 orc warriors
  2 ice beasts
  A black bear (D:6)
  A sky beast (D:8)
  A wolf (D:8)
  An ogre (D:4)
  A necrophage (D:11)
  5 centaurs
  4 lemures (D:5)
  A kobold brigand (D:9)
  Blork the orc (D:6)
  2 bullfrogs
  2 scorpions (D:5)
  A wyvern zombie (D:8)
  7 killer bees
  8 wights
  An electric eel (D:8)
  6 centaur zombies
  3 hounds (D:4)
  A jelly (D:5)
  A centaur skeleton (D:5)
  7 orc priests
  3 hell rats (D:10)
  An iguana (D:7)
  5 orc wizards
  A killer bee zombie (D:8)
  A mummy (D:11)
  A hound skeleton (D:5)
  7 adders
  A river rat (D:10)
  2 white imps (D:8)
  A howler monkey simulacrum (D:8)
  4 ufetubi
  3 worms
  A dart slug (D:3)
  37 orcs
  3 ball pythons
  4 bats
  3 endoplasms
  2 giant cockroaches
  3 goblins
  7 hobgoblins
  6 jackals
  3 quokkas
  4 frilled lizards
  6 kobolds
  6 rats
  A lurking horror (D:10)
217 creatures vanquished.

Vanquished Creatures (others)
  An orc (D:8)
  5 withered plants
6 creatures vanquished.

Grand Total: 223 creatures vanquished

Table legend: (Time is in decaauts)
 A = Elapsed time spent in this place.
 B = Non-inter-level travel time spent in this place.
 C = Inter-level travel time spent in this place.
 D = Time resting spent in this place.
 E = Time spent auto-exploring this place.
 F = Levels seen in this place.
 G = Mean time per level.
                   A        B        C        D        E       F      G
               +--------+--------+--------+--------+--------+-----+--------+
         Total |  13749 |  13195 |    554 |   4269 |   6122 |  13 | 1057.6 |
       Dungeon |  13524 |  13023 |    501 |   4269 |   5954 |  12 | 1127.0 |
        Temple |    225 |    172 |     53 |      0 |    168 |   1 |  225.0 |
               +--------+--------+--------+--------+--------+-----+--------+

Top non-repeatable levels by time:
    D:11: 1825 daAuts
     D:4: 1712 daAuts
     D:8: 1627 daAuts
    D:10: 1372 daAuts
     D:5: 1338 daAuts
     D:2: 1186 daAuts
     D:1: 1051 daAuts
     D:6: 1046 daAuts
     D:9: 918 daAuts
     D:3: 875 daAuts
     D:7: 561 daAuts
  Temple: 225 daAuts
    D:12: 7 daAuts

Table legend:
 A = Non-vault XP
 B = Vault XP
 C = Vault XP percentage of total XP
 D = Non-vault monster count
 E = Vault monster count
 F = Vault count percentage of total count
                 A         B        C        D         E       F
            +---------+---------+-------+---------+---------+-------
      Total |    9474 |   10608 |  52.8 |     135 |      77 |  36.3
            +---------+---------+-------+---------+---------+-------
        D:1 |      28 |       0 |   0.0 |      18 |       0 |   0.0
        D:2 |      36 |       0 |   0.0 |      13 |       0 |   0.0
        D:3 |     118 |       0 |   0.0 |      15 |       0 |   0.0
        D:4 |     331 |       0 |   0.0 |      16 |       0 |   0.0
        D:5 |     555 |     629 |  53.1 |       9 |       1 |  10.0
        D:6 |     413 |     578 |  58.3 |       6 |       3 |  33.3
        D:7 |     128 |       0 |   0.0 |       2 |       0 |   0.0
        D:8 |     952 |    1141 |  54.5 |      11 |      32 |  74.4
        D:9 |    1955 |     457 |  18.9 |      13 |      15 |  53.6
       D:10 |    3498 |    2574 |  42.4 |      21 |      12 |  36.4
       D:11 |    1460 |    5229 |  78.2 |      11 |      14 |  56.0
            +---------+---------+-------+---------+---------+-------
